AoeStats
← seanlin

Black Forest

509634343Analyzed
4v4 RM · 4d ago on Sep 27, 2026· 40m 56s· 8 players
Game mode
Random Map
Map size
Large (8 player)
Population
200
Speed
Normal
Resources
Standard
Victory
Conquest
Starting age
Dark Age
Ending age
Imperial Age
RankedLock teamsTeams togetherTeam positionsShared explorationLock speedFull tech treeHidden civsTurbo modeCheats
Victory
Defeat
🇹🇼 Teutons · Taiwan
1025
+14
🇨🇳 Turks · China
1025
+14
🇨🇳 Turks · China
958
+16
🇹🇼 Persians · Taiwan
945
+17
🇹🇼 Saracens · Taiwan
1010
-17
🇹🇼 Teutons · Taiwan
1005
-48
🇨🇳 Jurchens · China
939
-14
🇹🇼 Franks · Taiwan
918
-13
seanlin
13:14 Feudal Age
14:48 Double-Bit Axe
18:37 Castle Age
21:46 Bow Saw
22:11 Bow Saw
28:16 Wheelbarrow
37:47 Forging
37:43 Scale Barding Armor
38:18 Husbandry
39:05 Iron Casting
brandon102372
1:39 Loom
1:50 Loom
11:28 Feudal Age
15:57 Castle Age
14:08 Double-Bit Axe
14:04 Horse Collar
18:08 Bow Saw
19:44 Heavy Plow
22:24 Wheelbarrow
24:44 Gold Mining
25:11 Hand Cart
24:44 Loom
24:44 Town Watch
28:25 Imperial Age
28:28 Gold Shaft Mining
27:44 Stone Mining
29:52 Caravan
30:23 Scale Barding Armor
30:29 Forging
32:16 Chain Barding Armor
32:32 Iron Casting
33:01 Conscription
32:02 Elite Mameluke
32:59 Counterweights
33:15 Husbandry
33:25 Bloodlines
33:33 Bimaristan
32:58 Light Cavalry
33:08 Pikeman
34:11 Hussar
35:58 Plate Barding Armor
36:29 Blast Furnace
36:57 Scale Mail Armor
37:21 Squires
37:07 Arson
37:09 Gambesons
ianchen0930
0:58 Loom
16:51 Feudal Age
17:17 Horse Collar
23:07 Castle Age
22:07 Double-Bit Axe
25:57 Wheelbarrow
29:40 Imperial Age
27:44 Gold Mining
29:46 Bow Saw
31:25 Chemistry
277965650
0:32 Loom
12:59 Feudal Age
19:15 Castle Age
17:11 Stone Mining
17:11 Double-Bit Axe
19:01 Horse Collar
25:11 Heavy Plow
32:46 Imperial Age
32:28 Gold Mining
33:13 Stone Shaft Mining
33:42 Bow Saw
34:17 Gold Shaft Mining
35:12 Conscription
36:15 Forging
36:06 Scale Mail Armor
36:11 Scale Barding Armor
38:10 Arson
38:25 Squires
37:46 Pikeman
39:32 Halberdier
日月戰神
0:32 Loom
12:19 Feudal Age
14:06 Wheelbarrow
13:12 Horse Collar
13:19 Double-Bit Axe
16:24 Gold Mining
21:20 Castle Age
19:08 Town Watch
20:15 Stone Mining
20:47 Forging
20:38 Scale Mail Armor
20:44 Scale Barding Armor
22:58 Bow Saw
23:02 Heavy Plow
24:21 Hand Cart
28:34 Stone Shaft Mining
29:47 Town Patrol
31:16 Fortified Wall
30:56 Guard Tower
31:28 Ballistics
31:14 Siphons
32:53 Ironclad
33:17 Chain Mail Armor
34:49 Coinage
35:35 Chain Barding Armor
35:07 Fletching
35:17 Padded Archer Armor
36:21 Masonry
36:01 Heated Shot
37:34 Iron Casting
36:55 Bodkin Arrow
39:39 Caravan
juan8022622
7:56 Loom
10:32 Feudal Age
12:47 Wheelbarrow
15:10 Castle Age
12:51 Horse Collar
13:00 Double-Bit Axe
20:07 Hand Cart
19:49 Town Watch
21:59 Bow Saw
22:37 Heavy Plow
28:54 Imperial Age
26:37 Gold Mining
26:52 Stone Mining
28:19 Town Patrol
29:10 Bloodlines
29:44 Crop Rotation
30:15 Two-Man Saw
29:24 Husbandry
30:35 Gold Shaft Mining
30:36 Stone Shaft Mining
29:28 Cavalier
30:52 Heavy Camel Rider
32:46 Chemistry
32:11 Ballistics
32:25 Forging
34:22 Iron Casting
33:52 Scale Barding Armor
35:34 Conscription
35:50 Hoardings
37:20 Caravan
38:08 Chain Barding Armor
38:56 Blast Furnace
40:21 Elite War Elephant
41:08 Heated Shot
41:29 Masonry
张佳乐世界冠军
0:28 Loom
14:33 Feudal Age
19:38 Castle Age
17:33 Double-Bit Axe
20:42 Bow Saw
31:41 Imperial Age
29:14 Horse Collar
31:54 Heavy Plow
39:07 Padded Archer Armor
39:40 Conscription
40:10 Gold Mining
41:16 Leather Archer Armor
米卡桑
0:51 Loom
11:49 Feudal Age
16:11 Castle Age
14:19 Double-Bit Axe
14:53 Horse Collar
23:24 Bow Saw
24:36 Heavy Plow
25:15 Gold Mining
28:06 Wheelbarrow
27:45 Stone Mining
31:07 Imperial Age
29:18 Ballistics
28:39 Treadmill Crane
30:22 Hand Cart
31:02 Gold Shaft Mining
33:20 Conscription
33:24 Scale Barding Armor
33:30 Forging
34:37 Chain Barding Armor
35:49 Iron Casting
35:59 Artillery
40:02 Blast Furnace
39:38 Plate Barding Armor
41:43 Bloodlines
41:33 Husbandry
Connection lost

Rejoining the realm…

Still unreachable

The connection could not be restored.

Session expired

The server has moved on; the page needs a fresh start.